AoeStats
← fechinoo

Arena

508379641Analyzed
4v4 RM · 11d ago on Sep 22, 2026· 49m 30s· 8 players
Game mode
Random Map
Map size
Large (8 player)
Population
200
Speed
Normal
Resources
Standard
Victory
Conquest
Starting age
Dark Age
Ending age
Imperial Age
RankedLock teamsTeams togetherTeam positionsShared explorationLock speedFull tech treeHidden civsTurbo modeCheats
Victory
Defeat
🇨🇳 Goths · China
1305
+10
🇨🇳 Teutons · China
1151
+17
🇨🇳 Spanish · China
999
+22
🇨🇳 Slavs · China
897
+27
🇪🇸 Vikings · Spain
1330
-25
🇹🇼 Ethiopians · Taiwan
1193
-21
🇦🇺 Tupi · Australia
1056
-15
🇨🇳 Khmer · China
1046
-15
草~~騎~~吧
10:54 Feudal Age
14:16 Castle Age
14:56 Double-Bit Axe
14:54 Horse Collar
20:45 Town Watch
22:41 Bow Saw
24:11 Fletching
24:29 Loom
25:30 Bodkin Arrow
27:31 Wheelbarrow
30:11 Elite Skirmisher
32:46 Crossbowman
35:53 Gold Mining
39:59 Imperial Age
38:54 Thumb Ring
48:00 Bracer
Aspirante
10:57 Feudal Age
14:52 Castle Age
13:39 Double-Bit Axe
21:44 Scale Mail Armor
23:34 Forging
30:19 Loom
31:14 Fletching
32:22 Horse Collar
37:34 Chain Mail Armor
37:55 Iron Casting
40:43 Bodkin Arrow
43:28 Imperial Age
45:18 Chemistry
islesofurth
0:26 Loom
11:15 Feudal Age
16:32 Castle Age
15:02 Double-Bit Axe
14:58 Horse Collar
18:09 Wheelbarrow
19:08 Bow Saw
19:45 Heavy Plow
21:35 Hand Cart
21:49 Gold Mining
21:59 Stone Mining
23:17 Fletching
27:52 Imperial Age
26:09 Bodkin Arrow
27:38 Ballistics
28:24 Scale Mail Armor
28:34 Forging
27:56 Crossbowman
28:40 Bracer
29:44 Chemistry
30:10 Padded Archer Armor
30:08 Arbalester
32:29 Conscription
34:13 Leather Archer Armor
34:04 Squires
35:27 Two-Man Saw
33:52 Pikeman
34:51 Chain Mail Armor
35:12 Iron Casting
35:16 Guard Tower
35:22 Murder Holes
35:59 Ring Archer Armor
36:54 Plate Mail Armor
36:59 Iron Casting
37:42 Keep
43:09 Halberdier
46:10 Iron Casting
電動遊戯
9:03 Feudal Age
11:34 Loom
13:59 Castle Age
13:26 Double-Bit Axe
13:24 Horse Collar
15:26 Bow Saw
16:12 Fervor
26:40 Husbandry
28:27 Bloodlines
29:45 Wheelbarrow
30:20 Stone Mining
30:24 Gold Mining
31:51 Stone Shaft Mining
31:53 Gold Shaft Mining
31:39 Fortified Wall
33:10 Hand Cart
35:54 Imperial Age
33:44 Fletching
33:59 Scale Barding Armor
33:29 Light Cavalry
34:21 Bodkin Arrow
34:48 Ballistics
34:23 Murder Holes
34:59 Heavy Plow
35:33 Chain Barding Armor
35:08 Town Watch
36:25 Forging
36:23 Town Patrol
36:35 Masonry
36:55 Conscription
36:36 Double Crossbow
36:19 Capped Ram
36:36 Elite Ballista Elephant
37:51 Crop Rotation
37:14 Siege Ram
39:55 Chemistry
38:57 Bracer
41:38 Coinage
41:29 Siege Engineers
42:56 Plate Barding Armor
42:56 Iron Casting
41:53 Light Cavalry
47:05 Hussar
49:54 Architecture
83716497273
10:52 Feudal Age
15:06 Castle Age
13:22 Double-Bit Axe
13:48 Horse Collar
16:07 Bow Saw
16:00 Heavy Plow
21:52 Wheelbarrow
22:17 Gold Mining
24:04 Gold Shaft Mining
24:07 Loom
25:02 Hand Cart
25:55 Man-at-Arms
29:27 Imperial Age
27:08 Scale Mail Armor
27:18 Forging
26:48 Long Swordsman
28:24 Chain Mail Armor
29:49 Iron Casting
29:41 Capped Ram
29:43 Two-Handed Swordsman
30:23 Squires
30:57 Plate Mail Armor
31:54 Two-Man Saw
31:25 Crop Rotation
30:28 Champion
32:33 Blast Furnace
32:02 Siege Ram
33:15 Siege Engineers
33:50 Druzhina
35:26 Conscription
35:06 Detinets
36:17 Onager
36:17 Heavy Scorpion
37:41 Siege Onager
42:05 Masonry
41:51 Murder Holes
42:07 Fortified Wall
43:03 Chemistry
42:24 Ballistics
41:55 Fletching
42:38 Bodkin Arrow
Dreamblack
11:05 Feudal Age
11:56 Double-Bit Axe
14:35 Castle Age
12:38 Horse Collar
17:41 Bow Saw
20:40 Heavy Plow
22:46 Gold Mining
24:53 Scale Mail Armor
28:57 Imperial Age
38:23 Loom
41:45 Stone Mining
42:31 Wheelbarrow
44:01 Chain Mail Armor
43:58 Forging
44:55 Two-Man Saw
44:44 Conscription
45:06 Crop Rotation
44:26 Pikeman
45:07 Squires
45:27 Hand Cart
45:44 Anarchy
46:57 Iron Casting
46:50 Elite Huskarl
49:11 Blast Furnace
48:44 Town Watch
49:08 Caravan
fechinoo
13:37 Feudal Age
14:50 Double-Bit Axe
14:45 Horse Collar
17:19 Castle Age
15:00 Horse Collar
16:13 Padded Archer Armor
17:44 Loom
21:27 Bloodlines
23:15 Leather Archer Armor
32:13 Husbandry
32:53 Gold Mining
34:15 Bow Saw
34:10 Heavy Plow
34:57 Herbal Medicine
35:04 Fletching
35:34 Stone Mining
38:27 Imperial Age
39:08 Wheelbarrow
40:42 Hand Cart
40:12 Light Cavalry
41:21 Conscription
41:03 Elite Conquistador
42:10 Conscription
42:55 Stone Shaft Mining
43:13 Scale Barding Armor
43:04 Bodkin Arrow
44:37 Ring Archer Armor
44:01 Hussar
46:34 Two-Man Saw
46:59 Chain Barding Armor
47:19 Caravan
50:49 Chemistry
50:11 Ballistics
50:01 Masonry
Otto der Große
10:43 Feudal Age
14:38 Castle Age
13:00 Double-Bit Axe
13:02 Horse Collar
20:19 Wheelbarrow
24:42 Pikeman
25:24 Squires
25:09 Arson
25:09 Man-at-Arms
25:51 Scale Mail Armor
26:01 Forging
25:52 Scale Mail Armor
27:01 Chain Mail Armor
26:11 Long Swordsman
26:37 Gambesons
27:10 Loom
30:35 Imperial Age
30:01 Iron Casting
29:42 Gold Mining
30:47 Heavy Plow
31:00 Bow Saw
30:41 Two-Handed Swordsman
30:42 Halberdier
31:48 Conscription
32:31 Blast Furnace
32:01 Plate Mail Armor
32:31 Blast Furnace
32:02 Plate Mail Armor
32:32 Blast Furnace
32:02 Plate Mail Armor
32:02 Guilds
32:57 Two-Man Saw
32:41 Crop Rotation
31:38 Champion
34:11 Ironclad
34:22 Stone Mining
36:47 Stone Shaft Mining
37:21 Chemistry
36:27 Siege Engineers
36:43 Ballistics
36:34 Masonry
38:19 Siege Engineers
38:25 Masonry
38:35 Ballistics
38:27 Fortified Wall
38:02 Arrowslits
39:31 Crenellations
39:48 Hoardings
40:09 Hand Cart
39:39 Town Watch
39:24 Onager
41:47 Fletching
43:03 Siege Onager
Connection lost

Rejoining the realm…

Still unreachable

The connection could not be restored.

Session expired

The server has moved on; the page needs a fresh start.